 Dungeon Crawl Stone Soup version 0.21.1-1-g345015fe64 (webtiles) character file.

158 Peloso the Shield-Bearer (level 5, 0/41 HPs)
             Began as a Demonspawn Fighter on Apr 15, 2018.
             Slain by a worm (8 damage)
             ... on level 3 of the Dungeon.
             The game lasted 00:10:57 (3064 turns).

Peloso the Shield-Bearer (Demonspawn Fighter)       Turns: 3064, Time: 00:10:58

Health: 0/41       AC: 11    Str: 17    XL:     5   Next: 16%
Magic:  5/5        EV:  7    Int:  9    God:
Gold:   133        SH:  8    Dex:  7    Spells: 4/4 levels left

rFire    . . .     SeeInvis .   a - +0 long sword
rCold    . . .     Gourm    .   c - +0 shield
rNeg     . . .     Faith    .   q - +0 chain mail
rPois    .         Spirit   .   (no helmet)
rElec    .         Reflect  .   (no cloak)
rCorr    .         Harm     .   o - +0 pair of gloves
MR       .....                  d - +0 pair of boots
Stlth    ..........             g - amulet of inaccuracy (curse)
HPRegen  0.13/turn              h - -6 ring of dexterity (curse)
MPRegen  0.09/turn              (no ring)

@: no status effects
A: hooves 1, repulsion field 1, demonic guardian 1
a: no special abilities


You were on level 3 of the Dungeon.
You were hungry.

You visited 1 branch of the dungeon, and saw 3 of its levels.

You collected 133 gold pieces.

Inventory:

Hand Weapons
 a - a +0 long sword (weapon)
Armour
 c - a +0 shield (worn)
 d - a +0 pair of boots (worn)
 o - a +0 pair of gloves (worn)
 q - a +0 chain mail (worn)
Jewellery
 g - a cursed amulet of inaccuracy (around neck)
 h - a cursed -6 ring of dexterity (left hand)
Wands
 m - a wand of enslavement (10)
Scrolls
 b - 2 scrolls of identify
 j - a scroll of magic mapping
Potions
 e - 2 potions of curing
 i - a potion of ambrosia {unknown}
 l - a potion of heal wounds {unknown}
 n - a potion of agility {unknown}
 p - a potion of brilliance {unknown}
Comestibles
 f - 4 rations
 r - 2 chunks of flesh


   Skills:
 + Level 3.4 Fighting
 + Level 2.4 Long Blades
 + Level 3.3 Armour
 + Level 1.1 Dodging
 + Level 4.1 Shields


You had 4 spell levels left.
You didn't know any spells.

Dungeon Overview and Level Annotations

Branches:
Dungeon (3/15)

Altars:
Kikubaaqudgha
Nemelex Xobeh
Zin

Annotations:
D:2 1 transporter


Innate Abilities, Weirdness & Mutations

You have large cloven feet.
You are surrounded by a mild repulsion field. (EV +2)
A weak demonic guardian rushes to your aid.


Message History

The worm closely misses you.
Your chain mail prevents you from hitting the worm.
The worm is moderately wounded.
The worm bites you but does no damage.
Your chain mail prevents you from hitting the worm.
The worm is moderately wounded.
You hit the worm.
The worm is moderately wounded.
You block the worm's attack.
You closely miss the worm.
The worm is moderately wounded.
The worm bites you.
* * * LOW HITPOINT WARNING * * *
Your shield and chain mail prevent you from hitting the worm.
The worm is moderately wounded.
The worm bites you but does no damage.
You hit the worm.
The worm is moderately wounded.
The worm bites you!
You die...

.# #.# ### . #.# #.# . .
##'## #.# .. .## ##...## #.#
... ..# ##.....## #.# ...
..## ##.......## #.### ..
...####.........###...#.#####
......'.........@ws.......(..
...####.....)...###......####
#.## ##.......## ###.#### #.#
##...>.## #.# ..# ##...## ..#
.## ##+## ### .# #.# .# #.#
.# ##.##


You could see a worm and a giant cockroach.

Vanquished Creatures
  2 vampire bats (D:2)
  An adder (D:2)
  An ooze (D:1)
  A worm (D:2)
  2 dart slugs
  A leopard gecko (D:2)
  2 orcs
  2 bat skeletons (D:2)
  5 bat zombies (D:2)
  3 giant cockroaches
  A goblin (D:1)
  6 hobgoblins
  4 jackals
  5 kobolds
  A quokka (D:2)
  6 bats
  2 frilled lizards (D:2)
  4 rats
49 creatures vanquished.

Notes
Turn   | Place    | Note
-------+----------+-------------------------------------------
     0 | D:1      | Peloso the Demonspawn Fighter began the quest for the Orb.
     0 | D:1      | Reached XP level 1. HP: 18/18 MP: 1/1
   329 | D:1      | Gained mutation: You are surrounded by a mild repulsion field. (EV +2) [demonic ancestry]
   329 | D:1      | Reached XP level 2. HP: 24/24 MP: 2/2
   383 | D:1      | Reached skill level 3 in Shields
   828 | D:2      | Reached XP level 3. HP: 29/29 MP: 3/3
  1283 | D:2      | Found a glowing silver altar of Zin.
  1794 | D:2      | Found a sparkling altar of Nemelex Xobeh.
  1794 | D:2      | Found a transporter.
  2210 | D:2      | Gained mutation: You have large cloven feet. [demonic ancestry]
  2210 | D:2      | Reached XP level 4. HP: 35/35 MP: 4/4
  2216 | D:2      | Found an ancient bone altar of Kikubaaqudgha.
  2646 | D:2      | Reached skill level 1 in Dodging
  2646 | D:2      | Reached skill level 4 in Shields
  2646 | D:2      | Gained mutation: A weak demonic guardian rushes to your aid. [demonic ancestry]
  2646 | D:2      | Reached XP level 5. HP: 19/41 MP: 5/5
  3064 | D:3      | Slain by a worm

Skill      XL: |  1  2  3  4 |
---------------+-------------+-----
Long Blades    | 2 |  2.4
Shields        | 3 4 |  4.1
Armour         | 3 |  3.3
Dodging        | 1 |  1.1
Fighting       | |  3.4

Action                   |  1- 3 |  4- 6 || total
-------------------------+-------+-------++-------
Melee: Long sword        |   283 |   379 ||   662
  Use: Scroll            |     6 |     1 ||     7
       Potion            |     1 |     1 ||     2
  Eat: Chunk             |     5 |       ||     5
       Ration            |       |     1 ||     1
Armor: Scale mail        |   136 |       ||   136
       Chain mail        |    48 |   450 ||   498
Dodge: Dodged            |   142 |   172 ||   314
Block: Shield            |   188 |   282 ||   470
       Rpst.: Long sword |    44 |    60 ||   104
